AoeStats
← carloscanon98

Black Forest

510405813Analyzed
2v2 RM · 2d ago on Sep 30, 2026· 45m 17s· 4 players
Game mode
Random Map
Map size
Medium (4 player)
Population
200
Speed
Normal
Resources
Standard
Victory
Conquest
Starting age
Dark Age
Ending age
Imperial Age
RankedLock teamsTeams togetherTeam positionsShared explorationLock speedFull tech treeHidden civsTurbo modeCheats
Victory
Defeat
🇨🇴 Byzantines · Colombia
667
+7
🇦🇷 Huns · Argentina
552
+11
🇹🇷 Cumans · Türkiye
555
-12
🇪🇸 Inca · Spain
345
-6
RaGnAr
12:30 Feudal Age
23:02 Castle Age
27:19 Horse Collar
27:27 Double-Bit Axe
34:07 Imperial Age
34:35 Heavy Plow
34:50 Bow Saw
34:35 Crossbowman
37:06 Arbalester
Tyrann03
0:55 Loom
12:38 Feudal Age
13:09 Town Watch
14:42 Gold Mining
14:48 Double-Bit Axe
16:36 Horse Collar
17:32 Bloodlines
16:50 Man-at-Arms
17:16 Arson
19:13 Padded Archer Armor
21:01 Wheelbarrow
27:09 Castle Age
26:17 Stone Mining
28:37 Forging
28:27 Scale Mail Armor
28:20 Fletching
30:16 Caravan
31:43 Thumb Ring
32:59 Capped Ram
37:51 Murder Holes
38:12 Town Patrol
39:12 Scale Barding Armor
40:12 Gold Shaft Mining
39:35 Long Swordsman
41:08 Chain Barding Armor
41:03 Leather Archer Armor
41:43 Hand Cart
carloscanon98
0:36 Loom
21:47 Feudal Age
23:38 Horse Collar
23:49 Double-Bit Axe
23:58 Gold Mining
23:59 Stone Mining
24:49 Wheelbarrow
31:33 Castle Age
29:06 Man-at-Arms
29:32 Arson
29:58 Fletching
30:09 Padded Archer Armor
30:10 Scale Mail Armor
30:20 Forging
33:10 Chain Mail Armor
33:31 Iron Casting
33:19 Hand Cart
32:47 Long Swordsman
33:13 Gambesons
33:28 Squires
34:09 Bow Saw
34:27 Bodkin Arrow
34:48 Leather Archer Armor
33:58 Pikeman
34:14 Elite Skirmisher
35:42 Heavy Plow
35:53 Caravan
39:21 Coinage
44:36 Gold Shaft Mining
44:37 Stone Shaft Mining
ezequielm
10:42 Feudal Age
12:03 Wheelbarrow
11:11 Horse Collar
20:10 Castle Age
18:48 Gold Mining
21:09 Hand Cart
20:59 Heavy Plow
20:49 Double-Bit Axe
21:13 Town Watch
21:14 Loom
24:40 Town Patrol
27:34 Gold Shaft Mining
27:10 Stone Mining
31:42 Light Cavalry
32:36 Bloodlines
32:30 Husbandry
33:16 Scale Barding Armor
36:08 Imperial Age
35:15 Chain Barding Armor
35:28 Coinage
34:59 Caravan
35:22 Ballistics
34:58 Murder Holes
35:18 Masonry
37:14 Conscription
37:55 Plate Barding Armor
37:52 Banking
37:33 Guilds
37:13 Elite Tarkan
39:41 Hussar
39:43 Cavalier
41:49 Chemistry
43:03 Bow Saw
44:23 Paladin
44:29 Heavy Cavalry Archer
45:35 Parthian Tactics
44:30 Elite Skirmisher
44:31 Crossbowman
Connection lost

Rejoining the realm…

Still unreachable

The connection could not be restored.

Session expired

The server has moved on; the page needs a fresh start.